 Dungeon Crawl Stone Soup version 0.25-a0-972-g74ed164fb1 (webtiles) character file.

Game seed: 18346028751548866434, levelgen mode: deterministic

27242 Abmis123 the Unseen (level 13, 113/113 (114) HPs)
             Began as a Naga Ice Elementalist on Jan 24, 2020.
             Was a High Priest of Hepliaklqana.
             Quit the game in a Gauntlet on May 9, 2020.
             The game lasted 02:37:45 (22350 turns).

Abmis123 the Unseen (Naga Ice Elementalist)        Turns: 22350, Time: 02:37:46

HP:   113/113 (114) AC: 14    Str: 12    XL:     13   Next: 31%
MP:   17/17         EV: 11    Int: 20    God:    Hepliaklqana [*****.]
Gold: 1219          SH: 10    Dex: 11    Spells: 0/18 levels left

rFire    + + .     SeeInvis +   a - +3 dagger (venom)
rCold    + . .     Gourm    .   o - +0 kite shield
rNeg     . . .     Faith    .   R - +2 robe {Archmagi}
rPois    +         Spirit   .   t - +1 helmet
rElec    .         Reflect  .   i - scarf {rC+ rF+}
rCorr    .         Harm     .   f - +0 pair of gloves
MR       +....     NoTele   +   (no barding)
Stlth    +++++++...             z - amulet of the acrobat
HPRegen  0.28/turn              w - +4 ring of protection
MPRegen  0.15/turn              L - ring of protection from fire

@: acrobat, very slow
A: large, reduced essence, see invisible, deformed body, poison resistance,
slowness 2, slow metabolism 1, spit poison 1, constrict 1, AC +4
a: Spit Poison, Recall Ancestor, Ancestor Identity, Transference, Idealise,
Renounce Religion


You were in a Gauntlet.
You worshipped Hepliaklqana.
Hepliaklqana was extremely pleased with you.
You were near starving.

You visited 2 branches of the dungeon, and saw 17 of its levels.
You also visited: Ossuary and Gauntlet.

You collected 1219 gold pieces.

Inventory:

Hand Weapons
 a - a +3 dagger of venom (weapon)
 B - a +0 dagger of protection
Missiles
 k - 12 boomerangs (quivered)
 U - 6 silver javelins
 V - 28 poisoned darts
 W - a throwing net
Armour
 f - a +0 pair of gloves (worn)
 i - a scarf of resistance (worn)
 o - a +0 kite shield (worn)
 t - a +1 helmet (worn)
 v - a +0 robe
 J - a +0 cloak
 R - a +2 robe of the Archmagi (worn)
Jewellery
 w - a +4 ring of protection (left hand)
 z - an amulet of the acrobat (around neck)
 L - a ring of protection from fire (right hand)
Wands
 h - a wand of disintegration (9)
 j - a wand of flame (28)
 K - a wand of enslavement (8)
 M - a wand of removedness (15)
 N - a wand of random effects (15)
 O - a wand of iceblast (25)
 S - a wand of paralysis (7)
Scrolls
 p - a scroll of fear
 r - 5 scrolls of teleportation
 y - 5 scrolls of remove curse
 C - 4 scrolls of amnesia
 D - 3 scrolls of identify
 E - 2 scrolls of fog
 F - 3 scrolls of enchant armour
 P - 3 scrolls of blinking
 T - a scroll of magic mapping
 X - a scroll of enchant weapon
Potions
 e - 4 potions of flight
 g - a potion of ambrosia
 l - 2 potions of might
 s - 10 potions of curing
 u - a potion of brilliance
 x - a potion of cancellation
 A - a potion of stabbing
 G - a potion of heal wounds
 H - 2 potions of haste
 I - 2 potions of lignification
Miscellaneous
 Y - a removed fan of gales
Comestibles
 c - 40 rations


   Skills:
 - Level 11.0 Fighting
 + Level 4.0 Dodging
 - Level 18.0 Stealth
 - Level 9.0 Shields
 - Level 3.2 Spellcasting
 * Level 5.7 Translocations
 - Level 5.0 Ice Magic
 - Level 6.0 Evocations


You couldn't memorise any spells.
You knew the following spells:

 Your Spells              Type           Power        Failure   Level  Hunger
a - Freeze                Ice            ####         1%          1    None
b - Ozocubu's Armour      Chrm/Ice       ###.....     16%         3    ###....
c - Animate Skeleton      Necr           N/A          14%         1    None
d - Apportation           Tloc           #####.       1%          1    None
e - Blink                 Tloc           N/A          1%          2    ##.....
f - Passage of Golubria   Tloc           N/A          13%         4    ####...
g - Lesser Beckoning      Tloc           #####.....   4%          3    ###....
h - Teleport Other        Tloc           #####...     4%          3    ###....

Your spell library contained the following spells:

 Spells                   Type           Power        Failure   Level  Hunger
 Gell's Gravitas          Tloc           #####.....   4%          3    ###....
 Shroud of Golubria       Chrm/Tloc      ###...       7%          2    ##.....
 Corona                   Hex            #......      14%         1    None
 Summon Small Mammal      Summ           #...         14%         1    None
 Hailstorm                Conj/Ice       ###.....     45%         4    ####...
 Summon Ice Beast         Ice/Summ       ###.....     45%         4    ####...


Dungeon Overview and Level Annotations

Branches:
Dungeon (13/15)            Temple (0/1) D:6            Lair (4/6) D:10
  Swamp (0/4) Lair:2       Spider (0/4) Lair:4          Orc (0/2) D:10
Ossuary (visited)         Gauntlet (1/1)
 Vaults: D:13-14

Altars:
Ashenzari
Cheibriados
Dithmenos
Gozag
Hepliaklqana
Kikubaaqudgha
Makhleb
Qazlal
Xom
Yredelemnul

Shops:
D:12 *

Annotations:
D:10 exclusion: wraith, Erolcha
Lair:2 Sonja
Lair:4 exclusions: death yak and 1 more exclusion, Nessos Gauntlet 16 transporters, exclusion: 2 lightning spires


Innate Abilities, Weirdness & Mutations

You cannot wear boots.
Your serpentine skin is tough. (AC +4)
You have supernaturally acute eyesight. (SInv)
Armour fits poorly on your strangely shaped body.
Your system is resistant to poisons. (rPois)
You cover ground very slowly.
You have a slow metabolism.
You can spit poison.
You can use your snake-like lower body to constrict enemies.
Your life essence is reduced to manifest your ancestor. (-10% HP)


Message History

Unknown command.
Save game and exit?
Level annotation: 16 transporters, exclusion: 2 lightning spires Welcome back, Abmis123 the Naga Ice Elementalist.
Hepliaklqana says: Your past becomes your present!
Press ? for a list of commands and other information.
Search for what [? for help]? arti Search for what [Enter for "arti", or ? for help]? axe Search for what [Enter for "axe", or ? for help]? long blade Search for what [Enter for "long blade", or ? for help]? pole Search for what [Enter for "pole", or ? for help]? mace Search for what [Enter for "mace", or ? for help]? stav Save game and exit?
Level annotation: 16 transporters, exclusion: 2 lightning spires Welcome back, Abmis123 the Naga Ice Elementalist.
Hepliaklqana says: Your past becomes your present!
Press ? for a list of commands and other information.
Quiver which item? (- for none, * to show all) (? for menu, Esc to quit)
Okay, then.
Are you sure you want to abandon this character and quit the game? (Confirm with "yes".)

..≈..≈≈..#.#.#.##3##.#.#..#8#
.≈.≈≈....#.#.#.#.#.#.#.#..###
©..≈©.≈≈.#©#.#.#.#©#.#.#..#
$..≈≈.≈.≈###.#.#.#.#.#.#..###
≈.≈..≈..W#...#.#.##5##.#..#8#
.≈≈≈..≈≈W#...#=##.###..#..###
$...≈≈.WW#...#.[##5....#..#
##########...###########..#
§§.........≈....@R©......≈###
§.§.......≈8≈........∩.§§∩#8#
...........≈......©.....§§###
##########...###########..#
.......42#...#..y......#..#
.....PP.4#...#.##...##.#..###
?.#P.P#.5#...#.#.###.#.#..#8#
=........###.#..##.##..#..###
©.P.©.P..#©#.#....©....#..#


You could see the friendly Izel the knight, a queen bee and 2 shadow imps.

Vanquished Creatures
  2 hydras
  A centaur warrior (D:9)
  3 two-headed ogres
  An unseen horror (D:10)
  3 cyclopes
  Joseph (D:10)
  A torpor snail (Lair:3)
  A black mamba (Lair:2)
  A gargoyle (D:10)
  2 rime drakes
  2 spiny frogs
  2 trolls
  A polar bear (Lair:1)
  2 hornets
  A bog body (Lair:2)
  3 hippogriffs
  3 blink frogs (Lair:1)
  A meliai zombie (D:13)
  Sigmund (D:2)
  A spriggan (D:8)
  11 yaks
  A hungry ghost (D:12)
  A steam dragon (D:12)
  A basilisk (Lair:2)
  Edmund (D:5)
  3 water moccasins
  8 porcupines
  A black bear (D:5)
  3 orc warriors
  A necrophage (D:9)
  2 sky beasts
  A swamp drake (D:10)
  A phantom (D:8)
  An eye of draining (D:9)
  3 wolves (Lair:2)
  3 ogres
  6 centaurs
  2 crocodiles
  A big kobold (D:7)
  3 elf zombies (D:9)
  13 bullfrogs
  An elf skeleton (D:9)
  A wyvern skeleton (D:8)
  7 scorpions
  A troll zombie (D:9)
  6 killer bees
  4 wights
  2 howler monkeys
  An electric eel (Lair:2)
  2 centaur zombies
  2 quasits
  3 human zombies (D:9)
  A jelly (D:10)
  Crazy Yiuf (D:7)
  3 hounds
  8 orc priests
  9 orc wizards
  A centaur skeleton (D:7)
  Jessica (D:3)
  2 human skeletons (D:9)
  6 worker ants
  3 iguanas
  A hound skeleton (D:9)
  2 worker ant zombies
  Robin (D:3)
  3 gnolls (D:9)
  9 adders
  A shadow imp (D:9)
  An adder skeleton (D:9)
  2 worms (D:2)
  A dart slug (D:1)
  5 leopard geckos
  30 orcs
  3 giant cockroaches
  14 goblins
  6 hobgoblins
  3 jackals (D:3)
  2 quokkas
  3 ball pythons
  9 bats
  2 frilled lizards
  3 gnoll skeletons (Ossuary)
  A gnoll zombie (Ossuary)
  A goblin zombie (Ossuary)
  A hobgoblin skeleton (Ossuary)
  4 hobgoblin zombies (Ossuary)
  6 kobolds
  2 kobold zombies
  A leopard gecko zombie (D:5)
  3 orc skeletons (Ossuary)
  3 orc zombies
  A quokka skeleton (D:5)
  A quokka zombie (D:6)
  6 rats
  2 rat skeletons (Ossuary)
  2 rat zombies (Ossuary)
300 creatures vanquished.

Vanquished Creatures (collateral kills)
  Erica (D:10)
  A cyclops (D:11)
  An ugly thing (D:10)
  A spiny frog (Lair:1)
  2 rime drakes
  The ghost of PeterQ the Slasher, a novice VSMo of Ashenzari (D:5)
  4 slime creatures
  2 hippogriffs
  3 bog bodies (Lair:2)
  A wraith (D:11)
  2 yaks
  A hungry ghost (D:10)
  Menkaure (Ossuary)
  A water moccasin (Lair:2)
  2 porcupines
  An orc warrior (D:10)
  3 ice beasts
  A sky beast (D:5)
  A black bear (D:7)
  2 phantoms
  5 ogres
  An eye of draining (D:12)
  2 necrophages
  A wolf (Lair:2)
  2 bullfrogs
  2 crocodiles
  5 scorpions
  2 killer bees (D:8)
  A wight (D:10)
  A crimson imp (D:12)
  2 hounds
  3 orc priests
  2 bullfrog skeletons
  A centaur zombie (D:11)
  A jelly (D:11)
  4 orc wizards
  An iguana (D:12)
  3 worker ants
  A killer bee zombie (D:8)
  A hound zombie (D:11)
  4 mummies
  A worker ant zombie (D:5)
  An adder (D:11)
  3 shadow imps
  2 adder skeletons (D:4)
  2 worms (Lair:4)
  19 orcs
  A giant cockroach (D:8)
  2 goblins (D:3)
  2 hobgoblins (D:3)
  A kobold (D:7)
  4 gnoll skeletons (Ossuary)
  2 gnoll zombies (Ossuary)
  3 goblin skeletons (Ossuary)
  2 goblin zombies (Ossuary)
  A hobgoblin skeleton (Ossuary)
  A kobold skeleton (Ossuary)
  5 kobold zombies (Ossuary)
  A leopard gecko skeleton (D:7)
  2 orc skeletons (Ossuary)
  An orc zombie (Ossuary)
  3 rat skeletons (Ossuary)
  3 rat zombies (Ossuary)
  4 fungi
  A plant (Lair:3)
144 creatures vanquished.

Vanquished Creatures (others)
  4 knights
  An ancestor (D:4)
  A kobold skeleton (Ossuary)
  An orc zombie (Ossuary)
  A rat skeleton (Ossuary)
  10 fungi
  4 plants
  11 withered plants (Gauntlet)
33 creatures vanquished.

Grand Total: 477 creatures vanquished

Notes
Turn   | Place    | Note
-------+----------+-------------------------------------------
     0 | D:1      | Abmis123 the Naga Ice Elementalist began the quest for the
                  | Orb.
     0 | D:1      | Reached XP level 1. HP: 15/15 MP: 3/3
    90 | D:1      | Reached XP level 2. HP: 20/22 MP: 0/5
   461 | D:1      | Reached skill level 4 in Stealth
  1072 | D:1      | Reached XP level 3. HP: 28/28 MP: 6/6
  1534 | D:2      | Found an opulent altar of Gozag.
  1534 | D:2      | Found a hazy altar of Hepliaklqana.
  1535 | D:2      | Found a snail-covered altar of Cheibriados.
  1542 | D:2      | Became a worshipper of Hepliaklqana the Forgotten
  1708 | D:2      | Noticed Sigmund
  1825 | D:2      | Learned a level 3 spell: Ozocubu's Armour
  1998 | D:2      | Killed Sigmund
  1998 | D:2      | Reached skill level 1 in Fighting
  1998 | D:2      | Reached skill level 5 in Stealth
  1998 | D:2      | Reached XP level 4. HP: 22/34 MP: 1/8
  1998 | D:2      | Reached XP level 5. HP: 25/39 MP: 1/9
  2440 | D:3      | Noticed Jessica
  2446 | D:3      | Killed Jessica
  2446 | D:3      | Reached skill level 6 in Stealth
  2446 | D:3      | Reached skill level 5 in Ice Magic
  2446 | D:3      | Reached XP level 6. HP: 43/46 MP: 2/10
  2520 | D:3      | Reached * piety under Hepliaklqana
  3062 | D:3      | Noticed Robin
  3095 | D:3      | Killed Robin
  3416 | D:4      | Noticed a phantom
  3521 | D:3      | Reached skill level 7 in Stealth
  3521 | D:3      | Reached skill level 1 in Shields
  3826 | D:4      | Reached XP level 7. HP: 48/54 MP: 2/11
  3954 | D:4      | Reached skill level 8 in Stealth
  4420 | D:4      | Reached ** piety under Hepliaklqana
  4422 | D:4      | Remembered your ancestor Izel as a knight
  4585 | D:5      | Entered Level 5 of the Dungeon
  4614 | D:5      | Reached skill level 9 in Stealth
  4616 | D:5      | Noticed Edmund
  4717 | D:5      | Found a burning altar of Makhleb.
  5011 | D:5      | Reached XP level 8. HP: 63/63 MP: 3/12
  5274 | D:5      | Reached skill level 10 in Stealth
  5442 | D:5      | Found a runed translucent gate.
  5446 | D:5      | Found a runed translucent gate.
  5447 | D:5      | Found a runed translucent gate.
  5447 | D:5      | Noticed PeterQ's ghost (novice VSMo)
  6147 | D:6      | Found a staircase to the Ecumenical Temple.
  6365 | D:7      | Reached skill level 11 in Stealth
  6390 | D:7      | Reached skill level 5 in Fighting
  6512 | D:7      | Found a burning altar of Makhleb.
  6645 | D:7      | Reached XP level 9. HP: 72/72 MP: 13/13
  6766 | D:7      | Found a runed translucent door.
  6767 | D:7      | Noticed Crazy Yiuf
  6774 | D:7      | Killed Crazy Yiuf
  6876 | D:7      | Reached skill level 12 in Stealth
  6989 | D:7      | Found a shattered altar of Ashenzari.
  6991 | D:7      | Found a shimmering altar of Xom.
  6993 | D:7      | Found a stormy altar of Qazlal.
  6994 | D:7      | Found an ancient bone altar of Kikubaaqudgha.
  7088 | D:8      | Reached *** piety under Hepliaklqana
  7433 | D:8      | Found a sand-covered staircase.
  7454 | Ossuary  | Entered an ossuary
  7914 | Ossuary  | Noticed Menkaure
  7927 | Ossuary  | Killed Menkaure
  8254 | D:8      | Reached skill level 13 in Stealth
  8626 | D:8      | Reached skill level 5 in Shields
  9319 | D:8      | Reached XP level 10. HP: 68/82 MP: 2/14
  9747 | D:9      | Found a basalt altar of Yredelemnul.
  9752 | D:9      | Noticed a centaur warrior
  9772 | D:9      | Killed a centaur warrior
  9772 | D:9      | Reached skill level 14 in Stealth
  9936 | D:9      | Noticed a two-headed ogre
 10131 | D:9      | Noticed a two-headed ogre
 10160 | D:9      | Killed a two-headed ogre
 10372 | D:9      | Reached skill level 15 in Stealth
 10434 | D:9      | Killed a two-headed ogre
 10434 | D:9      | Reached XP level 11. HP: 93/93 MP: 15/15
 11135 | D:9      | Found an ancient bone altar of Kikubaaqudgha.
 11152 | D:9      | Reached skill level 1 in Evocations
 11518 | D:5      | Killed Edmund
 11568 | D:5      | Killed PeterQ's ghost
 11854 | D:10     | Entered Level 10 of the Dungeon
 12288 | D:10     | Noticed Joseph
 12310 | D:10     | Killed Joseph
 12472 | D:10     | Noticed Erolcha
 12558 | D:10     | Noticed Erica
 12596 | D:10     | Killed Erica
 12596 | D:10     | Reached skill level 16 in Stealth
 13380 | D:10     | Found a staircase to the Lair.
 13432 | D:10     | Noticed a two-headed ogre
 13457 | D:10     | Reached **** piety under Hepliaklqana
 13531 | D:10     | Noticed an unseen horror
 13538 | D:10     | Killed an unseen horror
 13538 | D:10     | Reached skill level 5 in Evocations
 13666 | Lair:1   | Entered Level 1 of the Lair of Beasts
 13707 | Lair:1   | Reached XP level 12. HP: 104/104 MP: 16/16
 13743 | Lair:1   | Learned a level 1 spell: Animate Skeleton
 13745 | Lair:1   | Learned a level 1 spell: Apportation
 14609 | Lair:1   | Identified a scroll of acquirement
 14688 | Lair:2   | Reached skill level 10 in Fighting
 14906 | Lair:2   | Reached skill level 17 in Stealth
 15105 | Lair:2   | Found a staircase to the Swamp.
 15433 | Lair:2   | Noticed Sonja
 15631 | Lair:2   | Found a shadowy altar of Dithmenos.
 15963 | Lair:3   | Noticed a five-headed hydra
 15972 | Lair:3   | Killed a five-headed hydra
 16312 | Lair:3   | Reached ***** piety under Hepliaklqana
 17433 | Lair:4   | Noticed a death yak
 17435 | Lair:4   | Noticed a death yak
 17516 | Lair:4   | Found a hole to the Spider Nest.
 17678 | Lair:4   | Noticed a six-headed hydra
 17690 | Lair:4   | Killed a six-headed hydra
 17989 | Lair:4   | Noticed Nessos
 18118 | Lair:4   | Noticed a death yak
 18127 | Lair:4   | Noticed a death yak
 18222 | D:10     | Killed a two-headed ogre
 18594 | D:10     | Found a staircase to the Orcish Mines.
 18622 | D:10     | Reached skill level 18 in Stealth
 18725 | D:10     | Gained mutation: You can use your snake-like lower body to
                  | constrict enemies. [Naga growth]
 18725 | D:10     | Reached XP level 13. HP: 114/114 MP: 17/17
 18780 | D:11     | Reached skill level 1 in Translocations
 19536 | D:11     | Learned a level 2 spell: Blink
 19541 | D:11     | Learned a level 4 spell: Passage of Golubria
 19768 | D:11     | You fall into a shaft and drop 1 floor!
 19941 | D:12     | Learned a level 3 spell: Lesser Beckoning
 19945 | D:12     | Learned a level 3 spell: Teleport Other
 20425 | D:12     | Reached skill level 5 in Translocations
 20795 | D:12     | Found Urchoonoi's Assorted Antiques.
 21724 | D:13     | Got a pitted leather armour
 21746 | D:13     | Found a gate leading to a gauntlet.
 21764 | Gauntlet | Entered a Gauntlet
 21764 | Gauntlet | Found a transporter.
 21764 | Gauntlet | Found a transporter.
 21769 | Gauntlet | Found a transporter.
 21769 | Gauntlet | Found a transporter.
 21778 | Gauntlet | Found a transporter.
 21796 | Gauntlet | Noticed a reaper
 21797 | Gauntlet | Found a transporter.
 21805 | Gauntlet | Found a transporter.
 21807 | Gauntlet | Found a transporter.
 21807 | Gauntlet | Found a transporter.
 21811 | Gauntlet | Found a transporter.
 21845 | Gauntlet | Found a transporter.
 21885 | Gauntlet | Found a transporter.
 21900 | Gauntlet | Found a transporter.
 21918 | Gauntlet | Found a transporter.
 22018 | Gauntlet | Found a transporter.
 22032 | Gauntlet | Found a transporter.
 22350 | Gauntlet | Upgraded the game from 0.25-a0-425-g0e000e855e to
                  | 0.25-a0-435-g4b9beb1024
 22350 | Gauntlet | Upgraded the game from 0.25-a0-435-g4b9beb1024 to
                  | 0.25-a0-972-g74ed164fb1
 22350 | Gauntlet | Quit the game

Illustrated notes

Levels and vault maps discovered:
D:1:      minmay_arrival_semitransparent, layout_loops_corners,
          minmay_tromino_v4_b
D:2:      layout_loops_cross, gammafunk_temple_overflow_forgotten, uniq_sigmund
D:3:      layout_basic, first_ration, uniq_robin, uniq_jessica
D:4:      layout_cave_pools
D:5:      layout_basic, basic_altar, gammafunk_ghost_necromancy, uniq_edmund
D:6:      layout_loops_ring, minmay_temple_entry_fiery
D:7:      layout_cave_pools, grunt_temple_overflow_open, uniq_crazy_yiuf_cottage
D:8:      layout_gridville, nicolae_ossuary_entry_giza, the_bakery
D:9:      layout_basic, basic_altar, lemuel_mausoleum_altar_kikubaaqudgha
D:10:     layout_basic, grunt_lair_entry_orc_guard_hut, erik_orc_1,
          uniq_erolcha, uniq_joseph, uniq_erica
D:11:     layout_irregular_city, grunt_decor_one_mirror,
          hangedman_abyss_or_decor_stabs
D:12:     layout_layer_cave, serial_shops, shop_fountains
D:13:     layout_cave_pods, gauntlet_entry_generic,
          nicolae_gozag_cash_rules_everything_around_me, uniq_urug
Lair:1:   layout_chaotic_city, lemuel_fruit_tree, grunt_megastairs_4
Lair:2:   layout_roguey, nicolae_swamp_entry_splash_gauntlet, basic_altar,
          lemuel_fruit_fields, uniq_sonja
Lair:3:   layout_layer_cave, nicolae_quartered_pool_super
Lair:4:   layout_cave_pods, nicolae_spider_entry_non_spiders,
          beast_lair_carwin_10, uniq_nessos, uniq_josephine
Gauntlet: gammafunk_gauntlet_branching [gammafunk_gauntlet_arena_spirals,
          gammafunk_gauntlet_arena_corners, gammafunk_gauntlet_arena_crates,
          nicolae_gauntlet_arena_flowing_pool, gammafunk_gauntlet_arena_hedges,
          gammafunk_gauntlet_arena_mazey, nicolae_gauntlet_swirl,
          nicolae_gauntlet_arena_blocks, nicolae_gauntlet_exit_dead_adventurers]

Skill      XL: |  1  2  3  4  5  6  7  8  9 10 11 12 13 |
---------------+----------------------------------------+-----
Stealth        | 4 5 6 7 9 11 13 15 16 18 | 18.0
Fighting       | 1 2 3 5 6 8 9 11 | 11.0
Spellcasting   | 3 |  3.2
Ice Magic      | 5 |  5.0
Shields        | 1 2 3 5 7 9 |  9.0
Evocations     | 5 6 |  6.0
Dodging        | 3 4 |  4.0
Translocations | 5 |  5.7

Action                   |  1- 3 |  4- 6 |  7- 9 | 10-12 | 13-15 || total
-------------------------+-------+-------+-------+-------+-------++-------
Melee: Unarmed           |     3 |    13 |       |       |       ||    16
       Short sword       |       |    11 |     2 |       |       ||    13
       Dagger            |       |       |   316 |   644 |   141 ||  1101
       Constrict         |       |       |       |       |    21 ||    21
 Fire: Hunting sling     |       |    18 |   108 |    23 |       ||   149
Throw: Boomerang         |       |       |     4 |     5 |       ||     9
 Cast: Freeze            |    21 |    30 |    70 |    20 |       ||   141
       Ozocubu's Armour  |     1 |     7 |    29 |    36 |    10 ||    83
       Animate Skeleton  |       |       |       |     8 |     1 ||     9
       Blink             |       |       |       |       |    12 ||    12
       Passage of Golubr |       |       |       |       |     3 ||     3
Invok: Recall Ancestor   |       |     1 |     2 |     5 |     4 ||    12
       Ancestor Life: Kn |       |       |     1 |       |       ||     1
       Transference      |       |       |       |     1 |       ||     1
 Abil: Spit Poison       |    39 |    28 |    33 |    24 |     1 ||   125
Evoke: Wand              |       |       |       |    15 |       ||    15
  Use: Scroll            |     1 |     4 |    12 |    13 |     3 ||    33
       Potion            |       |       |     5 |     5 |       ||    10
 Stab: Sleeping          |       |       |    23 |    57 |     6 ||    86
       Distracted        |       |       |     1 |     4 |     1 ||     6
       Paralysed         |       |       |       |     2 |       ||     2
  Eat: Chunk             |     5 |     6 |    14 |    25 |     6 ||    56
       Ration            |       |       |     2 |     2 |     2 ||     6
Armor: Robe              |     3 |    31 |   157 |   235 |    40 ||   466
Dodge: Dodged            |    10 |    30 |   164 |   241 |    71 ||   516
Block: Buckler           |       |       |    61 |       |       ||    61
       Kite shield       |       |       |    20 |   292 |    62 ||   374

Table legend:
 A = Non-vault XP
 B = Vault XP
 C = Vault XP percentage of total XP
 D = Non-vault monster count
 E = Vault monster count
 F = Vault count percentage of total count
                 A         B        C        D         E       F
            +---------+---------+-------+---------+---------+-------
      Total |   31888 |    7030 |  18.1 |     311 |     125 |  28.7
            +---------+---------+-------+---------+---------+-------
        D:1 |      29 |       6 |  17.1 |      18 |       2 |  10.0
        D:2 |      32 |     227 |  87.6 |      15 |       1 |   6.2
        D:3 |      77 |      74 |  49.0 |      15 |      13 |  46.4
        D:4 |     710 |       0 |   0.0 |      21 |       0 |   0.0
        D:5 |    1014 |     548 |  35.1 |      27 |       4 |  12.9
        D:6 |     417 |       0 |   0.0 |       9 |       0 |   0.0
        D:7 |     606 |      40 |   6.2 |      17 |       1 |   5.6
        D:8 |    2158 |     244 |  10.2 |      35 |       4 |  10.3
        D:9 |    4951 |     906 |  15.5 |      35 |      13 |  27.1
       D:10 |    5275 |    2624 |  33.2 |      35 |      24 |  40.7
       D:11 |    2666 |       0 |   0.0 |      23 |       0 |   0.0
       D:12 |    2463 |       0 |   0.0 |      13 |       0 |   0.0
       D:13 |     882 |       0 |   0.0 |       4 |       0 |   0.0
     Lair:1 |    2902 |     448 |  13.4 |      13 |       2 |  13.3
     Lair:2 |    2966 |    1084 |  26.8 |      15 |       5 |  25.0
     Lair:3 |    3751 |       0 |   0.0 |      15 |       0 |   0.0
     Lair:4 |     989 |     568 |  36.5 |       1 |       8 |  88.9
    Ossuary |       0 |     261 | 100.0 |       0 |      48 | 100.0
            +---------+---------+-------+---------+---------+-------
